 Dungeon Crawl Stone Soup version 0.25-a0-1007-g10a8c3caa8 (webtiles) character file.

Game seed: 11458236228810354360, levelgen mode: deterministic

10446 Hasart the Destroyer (level 11, -21/53 (54) HPs)
             Began as a Deep Elf Wizard on May 11, 2020.
             Was a Priest of Vehumet.
             Killed from afar by a death scarab (30 damage)
             ... with an exploding inner flame
             ... summoned by the player character
             ... hexed by the player character
             ... in a Gauntlet.
             The game lasted 00:45:12 (14235 turns).

Hasart the Destroyer (Deep Elf Wizard)             Turns: 14235, Time: 00:45:12

HP:   -21/53 (54)   AC:  9    Str:  4    XL:     11   Next: 36%
MP:   26/26         EV: 19    Int: 27    God:    Vehumet [***...]
Gold: 116           SH:  0    Dex: 13    Spells: 13/29 levels left

rFire    . . .     SeeInvis .   P - +11 morningstar "Feuvabeg" {freeze, rC++ MR+ Stlth-}
rCold    + + .     Gourm    .   (no shield)
rNeg     . . .     Faith    .   b - +1 troll leather armour
rPois    .         Spirit   .   H - +1 helmet
rElec    .         Reflect  .   y - +0 cloak
rCorr    .         Harm     .   E - +0 pair of gloves
MR       +++..     NoTele   +   (no boots)
Stlth    +.........             r - amulet of regeneration
HPRegen  0.97/turn              D - +4 ring of evasion
MPRegen  0.20/turn              h - ring of protection from magic

@: no status effects
A: no striking features
a: Renounce Religion


You were in a Gauntlet.
You worshipped Vehumet.
Vehumet was most pleased with you.
You were not hungry.

You visited 2 branches of the dungeon, and saw 12 of its levels.
You also visited: Gauntlet.

You collected 431 gold pieces.
You spent 315 gold pieces at shops.

Inventory:

Hand Weapons
 P - the +11 morningstar "Feuvabeg" (weapon) {freeze, rC++ MR+ Stlth-}
   (You bought it in a shop on level 4 of the Dungeon)

   It has been specially enchanted to freeze those struck by it, causing extra
   injury to most foes and up to half again as much damage against particularly
   susceptible opponents.
   It can also slow down cold-blooded creatures.
   It greatly protects you from cold.
   It affects your resistance to hostile enchantments.
   It makes you less stealthy.
Armour
 b - a +1 troll leather armour (worn)
 y - a +0 cloak (worn)
 E - a +0 pair of gloves (worn)
 H - a +1 helmet (worn)
Jewellery
 a - an uncursed ring of see invisible
 e - a +4 amulet of reflection
 h - a ring of protection from magic (right hand)
 j - an uncursed ring of positive energy
 n - the amulet of Qeuserik {Gourm rC++ rN++}
   (You found it in a Gauntlet)

   [amulet of the gourmand]

   It allows you to eat raw meat even when not hungry.
   It greatly protects you from cold.
   It greatly protects you from negative energy.
 r - an amulet of regeneration (around neck)
 D - a +4 ring of evasion (left hand)
 F - an uncursed ring of resist corrosion
 L - an uncursed ring of protection from fire
Wands
 q - a wand of clouds (10)
 A - a wand of paralysis (8)
 M - a wand of polymorph (7)
 N - a wand of iceblast (17)
Scrolls
 c - 10 scrolls of identify
 i - a scroll of enchant weapon
 k - 10 scrolls of remove curse
 p - 8 scrolls of teleportation
 t - a scroll of fear
 z - 2 scrolls of amnesia
 C - a scroll of immolation
Potions
 f - 3 potions of curing
 g - 4 potions of heal wounds {unknown}
 l - 3 potions of magic {unknown}
 m - a potion of resistance {unknown}
 u - 3 potions of brilliance {unknown}
 v - a potion of mutation {unknown}
 w - 5 potions of ambrosia {unknown}
 x - a potion of lignification {unknown}
 B - 3 potions of stabbing {unknown}
 G - a potion of degeneration {unknown}
 J - 2 potions of berserk rage {unknown}
 K - 3 potions of flight {unknown}
 O - a potion of might {unknown}
Comestibles
 d - 19 rations


   Skills:
 + Level 2.5 Maces & Flails
 - Level 8.0 Dodging
 - Level 2.4 Stealth
 + Level 9.9 Spellcasting
 * Level 10.6 Conjurations
 + Level 7.3 Summonings
 - Level 4.0 Translocations
 + Level 4.4 Ice Magic
 - Level 4.0 Air Magic
 - Level 5.0 Poison Magic
 + Level 4.1 Evocations


You had 13 spell levels left.
You knew the following spells:

 Your Spells              Type           Power        Failure   Level  Hunger
a - Magic Dart            Conj           ####         1%          1    None
c - Blink                 Tloc           N/A          2%          2    None
d - Mephitic Cloud        Conj/Pois/Air  #####...     1%          3    None
e - Call Canine Familiar  Summ           ######..     1%          3    None
f - Freeze                Ice            ####         1%          1    None
g - Summon Ice Beast      Ice/Summ       #####...     7%          4    None
q - Swiftness             Chrm/Air       ###.....     5%          2    None

Your spell library contained the following spells:

 Spells                   Type           Power        Failure   Level  Hunger
 Inner Flame              Hex/Fire       ##......     7%          3    None
 Shock                    Conj/Air       ####         1%          1    None
 Summon Small Mammal      Summ           ####         1%          1    None
 Call Imp                 Summ           ######..     1%          2    None
 Conjure Flame            Conj/Fire      #####...     1%          3    None
 Dazzling Flash           Conj/Hex       #####.       1%          3    None
 Static Discharge         Conj/Air       ######..     1%          3    None
 Lightning Bolt           Conj/Air       ######....   3%          5    ####...
 Ensorcelled Hibernation  Hex/Ice        ####..       4%          2    None
 Gell's Gravitas          Tloc           #####.....   4%          3    None
 Summon Guardian Golem    Hex/Summ       ####....     4%          3    None
 Airstrike                Air            #####.....   4%          4    None
 Animate Skeleton         Necr           N/A          8%          1    None
 Beastly Appendage        Tmut           ##....       8%          1    None
 Corona                   Hex            ##.....      8%          1    None
 Pain                     Necr           ##..         8%          1    None
 Summon Lightning Spire   Summ/Air       #####...     8%          4    None
 Spider Form              Tmut/Pois      ####......   9%          3    None
 Slow                     Hex            ##......     12%         2    None
 Sticks to Snakes         Tmut           ##......     12%         2    None
 Confusing Touch          Hex            ##......     24%         3    None
 Tukima's Dance           Hex            ##......     24%         3    None
 Vampiric Draining        Necr           ##........   24%         3    None
 Ice Form                 Ice/Tmut       ####....     30%         4    None
 Yara's Violent Unravell  Hex/Tmut       ##........   45%         5    ####...
 Animate Dead             Necr           N/A          61%         4    None
 Petrify                  Tmut/Erth      ##......     61%         4    None
 Metabolic Englaciation   Hex/Ice        ####......   65%         5    ####...
 Agony                    Necr           ##......     91%         5    ####...
 Blade Hands              Tmut           ##........   91%         5    ####...


Dungeon Overview and Level Annotations

Branches:
Dungeon (11/15)            Temple (1/1) D:5            Lair (0/6) D:10
Gauntlet (1/1)
    Orc: D:9-12

Altars:
Ashenzari
Cheibriados
Dithmenos
Elyvilon
Fedhas
Gozag
Hepliaklqana
Kikubaaqudgha
Makhleb
Nemelex Xobeh
Okawaru
Qazlal
Ru
Sif Muna
Trog
Uskayaw
Vehumet
Wu Jian
Xom
Yredelemnul
Zin
The Shining One

Shops:
D:4 (   D:6 (}?   D:7 ((?*!

Annotations:
D:6 2 transporters Gauntlet 10 transporters


Message History

Unknown command.
You swap places.
Your hornet is engulfed in blazing flames.
Flame seeps out of your hornet.
Your yak is engulfed in blazing flames.
Your yak explodes!
The fiery explosion engulfs your death scarab!!!
Your death scarab explodes!
The fiery explosion engulfs your hornet!!
Your hornet explodes!
The fiery explosion engulfs you!!
* * * LOW HITPOINT WARNING * * *
Your hornet's corpse dissolves into shadows!
Your death scarab's corpse dissolves into shadows!
The fiery explosion engulfs your yak!!
Your yak explodes!
The fiery explosion engulfs your death scarab!!
Your death scarab explodes!
The fiery explosion engulfs you!!
Ouch! That really hurt!
You die...

########.###########.############
©........#≈≈≈≈8≈≈≈§#........©#...
########.###########.#########...
.......#.#.........#.#..........#
.......#.#..##.##..#.#..........#
#####..#.#.##..§##s#.#..#########
# #8#..#.#.#..§§○#s#.#..#8# #8# #
###..#©#...§§○○§s#©#..### ###
#..###.#.§§§@#Y###..#
#....#.##§§§##Y#....#
#....#..##.##..#....#
###..#..†......#..###
#8#..###########..#8#
###...............###
#≈.............≈#
################# #8# #8# #8# #8#


You could see 3 friendly death scarabs.

Vanquished Creatures
  2 two-headed ogres
  Pikel (D:5)
  A necromancer (Gauntlet)
  An ice statue (Gauntlet)
  A gargoyle (D:9)
  A troll (D:10)
  2 hippogriffs
  Sigmund (D:6)
  4 yaks (D:9)
  4 hogs (D:7)
  4 porcupines (D:10)
  3 orc warriors
  A sky beast (D:7)
  2 black bears
  A phantom (D:10)
  A necrophage (D:6)
  5 ogres
  4 wolves (Gauntlet)
  7 centaurs
  Blork the orc (D:4)
  A big kobold (D:9)
  7 bullfrogs
  A water moccasin zombie (D:6)
  6 scorpions
  8 wights
  A howler monkey (D:6)
  6 crimson imps
  A centaur zombie (D:7)
  3 quasits
  2 hounds (D:8)
  Crazy Yiuf (D:3)
  2 centaur skeletons
  5 orc wizards
  4 orc priests
  2 bullfrog skeletons (D:5)
  A jelly (D:10)
  Natasha (thrice) (D:3)
  An iguana (D:6)
  8 worker ants
  2 hound zombies
  Robin (D:4)
  A hound skeleton (D:2)
  A howler monkey skeleton (D:4)
  8 adders
  11 gnolls
  3 shadow imps
  An ooze (D:2)
  2 adder zombies (D:8)
  3 worms
  3 dart slugs
  27 orcs
  5 giant cockroaches
  19 goblins
  16 hobgoblins
  13 jackals
  14 kobolds
  5 quokkas
  2 ball pythons
  8 bats
  6 frilled lizards
  A leopard gecko skeleton (D:7)
  7 rats
269 creatures vanquished.

Vanquished Creatures (collateral kills)
  A two-headed ogre (D:10)
  2 gargoyles
  2 rime drakes (Gauntlet)
  2 hungry ghosts
  A human (D:7)
  Menkaure (D:6)
  An orc warrior (D:5)
  2 wights
  A jelly (D:8)
  A worker ant (D:10)
  4 gnolls (D:2)
  An adder (D:3)
  A worm (D:2)
  2 orcs
22 creatures vanquished.

Vanquished Creatures (others)
  A worker ant (D:5)
  13 demonic plants (Gauntlet)
  8 fungi (D:10)
22 creatures vanquished.

Grand Total: 313 creatures vanquished

Notes
Turn   | Place    | Note
-------+----------+-------------------------------------------
     0 | D:1      | Hasart the Deep Elf Wizard began the quest for the Orb.
     0 | D:1      | Reached XP level 1. HP: 10/10 MP: 7/7
    61 | D:1      | Reached XP level 2. HP: 15/15 MP: 0/9
   145 | D:1      | Learned a level 2 spell: Call Imp
   148 | D:1      | Learned a level 2 spell: Blink
   591 | D:1      | Reached skill level 2 in Conjurations
  1013 | D:2      | Reached XP level 3. HP: 19/19 MP: 8/11
  1018 | D:2      | Learned a level 3 spell: Mephitic Cloud
  1442 | D:2      | Reached XP level 4. HP: 21/24 MP: 1/12
  1659 | D:2      | Reached skill level 1 in Poison Magic
  1712 | D:2      | Reached skill level 5 in Spellcasting
  2453 | D:3      | Found a shadowy altar of Dithmenos.
  2454 | D:3      | Reached skill level 3 in Conjurations
  2680 | D:3      | Reached XP level 5. HP: 27/28 MP: 8/14
  2684 | D:3      | Reached skill level 1 in Air Magic
  2820 | D:3      | Noticed Natasha
  3096 | D:3      | Killed Natasha
  3302 | D:3      | Noticed Natasha
  3310 | D:3      | Killed Natasha
  3917 | D:3      | Noticed Natasha
  3930 | D:3      | Killed Natasha
  4088 | D:3      | Reached XP level 6. HP: 32/32 MP: 14/16
  4253 | D:3      | Found a runed translucent door.
  4254 | D:3      | Noticed Crazy Yiuf
  4269 | D:3      | Killed Crazy Yiuf
  4716 | D:4      | Noticed Blork the orc
  4730 | D:4      | Killed Blork the orc
  4730 | D:4      | Reached skill level 4 in Conjurations
  4794 | D:4      | Noticed Robin
  5227 | D:4      | Reached XP level 7. HP: 10/36 MP: 8/17
  5430 | D:4      | Killed Robin
  5789 | D:4      | Found Vawuduit's Antique Weapon Emporium.
  5857 | D:4      | Learned a level 3 spell: Call Canine Familiar
  5984 | D:4      | Found a glowing golden altar of the Shining One.
  5984 | D:4      | Found a glowing silver altar of Zin.
  6022 | D:5      | Entered Level 5 of the Dungeon
  6294 | D:5      | Noticed Pikel
  6311 | D:5      | Killed Pikel
  6311 | D:5      | Reached skill level 5 in Conjurations
  6311 | D:5      | Reached XP level 8. HP: 20/41 MP: 0/19
  6742 | D:5      | Found a staircase to the Ecumenical Temple.
  6772 | Temple   | Entered the Ecumenical Temple
  6875 | Temple   | Became a worshipper of Vehumet
  7434 | D:5      | Found a bloodstained altar of Trog.
  7539 | D:6      | Reached skill level 5 in Dodging
  7680 | D:6      | Found a transporter.
  7692 | D:6      | Noticed Menkaure
  7699 | D:6      | Killed Menkaure
  7699 | D:6      | Reached skill level 6 in Conjurations
  7996 | D:6      | Found a transporter.
  8242 | D:6      | Found Zucw's Weapon Shoppe.
  8307 | D:6      | Found Rolinlomm's Magic Scroll Shoppe.
  8322 | D:6      | Bought a scroll of teleportation for 36 gold pieces
  8344 | D:6      | Found Goruvosk's Gadget Shoppe.
  8381 | D:6      | Noticed Sigmund
  8387 | D:6      | Killed Sigmund
  8387 | D:6      | Reached XP level 9. HP: 44/44 MP: 12/21
  8931 | D:7      | Reached skill level 7 in Conjurations
  8953 | D:7      | Reached * piety under Vehumet
  8953 | D:7      | Offered knowledge of Shock by Vehumet.
  9305 | D:7      | Reached skill level 5 in Summonings
  9608 | D:7      | Found Fennuf's General Store.
  9651 | D:7      | Found Jibbuzig's Magic Scroll Boutique.
  9926 | D:7      | Found Ateutz's Weapon Emporium.
 10009 | D:7      | Reached skill level 8 in Conjurations
 10009 | D:7      | Reached skill level 5 in Poison Magic
 10149 | D:7      | Found Otiun's Antique Weapon Boutique.
 10249 | D:7      | Reached ** piety under Vehumet
 10273 | D:7      | Offered knowledge of Freeze by Vehumet.
 10290 | D:7      | Learned a level 1 spell: Freeze
 10515 | D:7      | Found Kusmoipo's Distillery.
 10701 | D:8      | Noticed a two-headed ogre
 10787 | D:8      | Killed a two-headed ogre
 10787 | D:8      | Reached skill level 1 in Ice Magic
 10787 | D:8      | Reached XP level 10. HP: 47/49 MP: 12/24
 11432 | D:8      | Reached skill level 9 in Conjurations
 11432 | D:8      | Reached skill level 1 in Evocations
 11661 | D:4      | Bought a fine morningstar for 279 gold pieces
 11662 | D:4      | Identified the +11 morningstar "Feuvabeg" {freeze, rC++ MR+
                  | Stlth-} (You bought it in a shop on level 4 of the Dungeon)
 11771 | D:9      | Found a shimmering altar of Xom.
 11826 | D:9      | Noticed a two-headed ogre
 11838 | D:9      | Killed a two-headed ogre
 11839 | D:9      | Offered knowledge of Static Discharge by Vehumet.
 11853 | D:9      | Reached skill level 1 in Maces & Flails
 11879 | D:9      | Learned a level 2 spell: Swiftness
 12122 | D:9      | Noticed a gargoyle
 12194 | D:9      | Killed a gargoyle
 12252 | D:9      | Reached *** piety under Vehumet
 12335 | D:10     | Entered Level 10 of the Dungeon
 12437 | D:10     | Noticed a gargoyle
 12449 | D:10     | Killed a gargoyle
 12618 | D:10     | Noticed a two-headed ogre
 12629 | D:10     | Killed a two-headed ogre
 12629 | D:10     | Reached skill level 10 in Conjurations
 12629 | D:10     | Reached XP level 11. HP: 53/53 MP: 21/26
 12716 | D:10     | Found a staircase to the Lair.
 12775 | D:10     | Offered knowledge of Inner Flame by Vehumet.
 13636 | D:11     | Found a gate leading to a gauntlet.
 13654 | Gauntlet | Entered a Gauntlet
 13654 | Gauntlet | Found a transporter.
 13654 | Gauntlet | Found a transporter.
 13660 | Gauntlet | Learned a level 4 spell: Summon Ice Beast
 13663 | Gauntlet | Found a transporter.
 13663 | Gauntlet | Found a transporter.
 13664 | Gauntlet | Noticed a necromancer
 13671 | Gauntlet | Found a transporter.
 13716 | Gauntlet | Found a transporter.
 13730 | Gauntlet | Found a transporter.
 13743 | Gauntlet | Found a transporter.
 13835 | Gauntlet | Found a transporter.
 13841 | Gauntlet | Noticed a wizard
 13845 | Gauntlet | Found a transporter.
 13859 | Gauntlet | Found a transporter.
 13874 | Gauntlet | Found a transporter.
 13889 | Gauntlet | Noticed a great orb of eyes
 13890 | Gauntlet | Noticed a red ugly thing
 13891 | Gauntlet | Found a transporter.
 13892 | Gauntlet | Noticed a brown ugly thing
 14020 | Gauntlet | Killed a necromancer
 14037 | Gauntlet | Got a crude jade amulet
 14038 | Gauntlet | Identified the amulet of Qeuserik {Gourm rC++ rN++} (You
                  | found it in a Gauntlet)
 14235 | Gauntlet | Killed from afar by a death scarab

Illustrated notes

Levels and vault maps discovered:
D:1:      tarquinn_simple_flora_water_e, layout_rooms
D:2:      layout_basic, first_ration
D:3:      layout_loops_corners, grunt_dithmenos_smoke, minivault_25,
          minmay_checkerbox, uniq_crazy_yiuf_cottage, uniq_natasha
D:4:      layout_rooms, gammafunk_temple_overflow_wave, serial_shops, shop,
          corner_web_ring, uniq_robin, uniq_blork_the_orc
D:5:      layout_loops_corners, lemuel_doored_altar, minmay_temple_entry_trees,
          uniq_pikel
D:6:      gammafunk_steamed_eel, layout_loops_ring, tgw_xom, serial_shops,
          shop_fountains, nicolae_shop_trees, shop, uniq_menkaure, uniq_sigmund
D:7:      layout_cave_pods, serial_shops, shop, shop,
          nicolae_shop_overgrown_old_shop, nicolae_shop_window_shopping, shop,
          minmay_splitting_lines, grunt_livestock
D:8:      layout_cave_pools, grunt_decor_fettered
D:9:      layout_roguey, basic_altar
D:10:     layout_basic, due_lair_maze_entry_diamond, minmay_liquid_box
D:11:     layout_loops_ring, gauntlet_entry_generic, elves_outpost_lemuel
Temple:   minmay_crystal_spiral_temple
Gauntlet: gammafunk_gauntlet_branching [gammafunk_gauntlet_arena_chambers,
          gammafunk_gauntlet_arena_grid, gammafunk_gauntlet_arena_corners,
          gammafunk_gauntlet_arena_arrow_garden, gammafunk_gauntlet_arena_mazey,
          gammafunk_gauntlet_arena_split_diamond, nicolae_gauntlet_arena_x,
          gammafunk_gauntlet_arena_spirals, gauntlet_exit_green]

Skill      XL: |  1  2  3  4  5  6  7  8  9 10 11 |
---------------+----------------------------------+-----
Conjurations   | 2 3 4 5 6 8 10 | 10.6
Dodging        | 3 4 5 7 8 |  8.0
Poison Magic   | 1 2 3 4 5 |  5.0
Spellcasting   | 5 6 7 8 9 |  9.9
Air Magic      | 1 2 3 4 |  4.0
Summonings     | 2 3 4 5 6 7 |  7.3
Translocations | 2 3 4 |  4.0
Ice Magic      | 1 3 4 |  4.4
Evocations     | 3 4 |  4.1
Maces & Flails | 1 2 |  2.5
Stealth        | |  2.4

Action                   |  1- 3 |  4- 6 |  7- 9 | 10-12 || total
-------------------------+-------+-------+-------+-------++-------
Melee: Dagger            |     2 |    44 |   100 |       ||   146
       Rapier            |       |    19 |    19 |       ||    38
       Falchion          |       |       |    62 |     9 ||    71
       Morningstar       |       |       |       |   168 ||   168
 Cast: Magic Dart        |    81 |   170 |   350 |    95 ||   696
       Call Imp          |     3 |     3 |     2 |       ||     8
       Mephitic Cloud    |     1 |     7 |    19 |    11 ||    38
       Call Canine Famil |       |       |    14 |     7 ||    21
       Freeze            |       |       |    14 |    79 ||    93
       Summon Ice Beast  |       |       |       |     5 ||     5
       Blink             |       |       |       |     1 ||     1
  Use: Scroll            |       |       |       |    11 ||    11
 Stab: Confused          |       |     2 |     7 |     1 ||    10
  Eat: Chunk             |     1 |    11 |    15 |    13 ||    40
       Ration            |       |       |     1 |       ||     1
Armor: Robe              |     2 |    15 |     5 |       ||    22
       Leather armour    |       |       |    72 |    45 ||   117
       Troll leather arm |       |       |       |    41 ||    41
Dodge: Dodged            |     3 |    71 |   331 |   328 ||   733
Block: Other             |     5 |    15 |     1 |       ||    21
       Reflection        |       |     2 |       |       ||     2
       Rpst.: Falchion   |       |       |    32 |    22 ||    54

Table legend:
 A = Non-vault XP
 B = Vault XP
 C = Vault XP percentage of total XP
 D = Non-vault monster count
 E = Vault monster count
 F = Vault count percentage of total count
                 A         B        C        D         E       F
            +---------+---------+-------+---------+---------+-------
      Total |   10052 |    4871 |  32.6 |     249 |      42 |  14.4
            +---------+---------+-------+---------+---------+-------
        D:1 |      39 |       0 |   0.0 |      21 |       0 |   0.0
        D:2 |     141 |       0 |   0.0 |      27 |       0 |   0.0
        D:3 |     168 |      84 |  33.3 |      35 |       7 |  16.7
        D:4 |     282 |     136 |  32.5 |      20 |      11 |  35.5
        D:5 |     347 |     593 |  63.1 |      16 |       1 |   5.9
        D:6 |    1006 |     330 |  24.7 |      27 |       2 |   6.9
        D:7 |    1064 |     742 |  41.1 |      30 |       5 |  14.3
        D:8 |    1621 |       0 |   0.0 |      24 |       0 |   0.0
        D:9 |    2703 |       0 |   0.0 |      26 |       0 |   0.0
       D:10 |    2297 |     923 |  28.7 |      21 |       8 |  27.6
       D:11 |     384 |       0 |   0.0 |       2 |       0 |   0.0
   Gauntlet |       0 |    2063 | 100.0 |       0 |       8 | 100.0
            +---------+---------+-------+---------+---------+-------
